 Dungeon Crawl Stone Soup version 0.29-a0-553-g81b289dbe5 (webtiles) character file.

Game seed: 15757878898265184262

865 jifgo the Covered (level 8, -4/50 HPs)
             Began as a Gargoyle Fighter on June 5, 2022.
             Killed from afar by an acid dragon (13 damage)
             ... with a splash of acid
             ... on level 6 of the Dungeon on June 6, 2022.
             The game lasted 00:08:11 (5685 turns).

jifgo the Covered (Gargoyle Fighter)                Turns: 5685, Time: 00:08:12

Health: -4/50      AC: 20    Str: 23    XL:     8   Next: 3%
Magic:  8/8        EV:  7    Int:  6    God:
Gold:   276        SH:  5    Dex: 14    Spells: 4/7 levels left

rFire   + . .      SeeInvis +   r - +7 trident "Cyefeph" {vorpal, rElec rCorr Int-2 Dex+5}
rCold   . . .      Faith    .   c - +0 buckler
rNeg    + . .      Spirit   .   f - +0 chain mail
rPois   ∞          Reflect  .   (no helmet)
rElec   +          Harm     .   z - +0 cloak
rCorr   +          Rampage  .   s - +0 pair of gloves
Will    .....      Rnd*Tele +   (no boots)
Stlth   ..........              (no amulet)
HPRegen 0.16/turn               p - ring of see invisible
MPRegen 0.11/turn               w - ring of protection from fire

@: no status effects
A: sickness immunity, AC +5, negative energy resistance 1, electricity
resistance, torment resistance 1, petrification resistance, iridescent scales 1,
high MP 1, teleportitis 1
a: no special abilities


You were on level 6 of the Dungeon.
You visited 1 branch of the dungeon, and saw 6 of its levels.

You collected 276 gold pieces.

Inventory:

Hand Weapons
 a - a +0 flail
 r - the +7 trident "Cyefeph" (weapon) {vorpal, rElec rCorr Int-2 Dex+5}
   (You found it on level 2 of the Dungeon)

   It inflicts extra damage upon your enemies.
   Int:       It affects your intelligence (-2).
   Dex:       It affects your dexterity (+5).
   rElec:     It insulates you from electricity.
   rCorr:     It protects you from acid and corrosion.
Missiles
 i - 5 atropa-tipped darts (quivered)
 q - 3 boomerangs
 G - 2 javelins
Armour
 b - a +0 scale mail
 c - a +0 buckler (worn)
 f - a +0 chain mail (worn)
 s - a +0 pair of gloves (worn)
 z - a +0 cloak (worn)
Jewellery
 p - a ring of see invisible (left hand)
 w - a ring of protection from fire (right hand)
 A - a ring of protection from cold
 H - a +4 ring of protection
 J - an amulet of magic regeneration
Wands
 v - a wand of acid (8)
Scrolls
 g - a scroll of enchant weapon {unknown}
 h - 2 scrolls of noise {unknown}
 k - a scroll of fear {unknown}
 l - 4 scrolls of identify {unknown}
 m - a scroll of vulnerability {unknown}
 t - a scroll of brand weapon {unknown}
 u - a scroll of torment {unknown}
 x - a scroll of blinking {unknown}
 y - a scroll of fog {unknown}
 C - 2 scrolls of teleportation {unknown}
 D - a scroll of immolation {unknown}
 E - a scroll of amnesia {unknown}
 F - a scroll of poison {unknown}
 I - a scroll of magic mapping {unknown}
Potions
 d - 3 potions of might
 e - 2 potions of flight
 j - 3 potions of mutation
 n - 2 potions of curing {unknown}
 o - 2 potions of heal wounds {unknown}
 B - 4 potions of resistance {unknown}


   Skills:
 + Level 5.4 Fighting
 + Level 4.4 Maces & Flails
 + Level 2.8 Polearms
 + Level 5.5 Armour
 + Level 5.4 Shields


You had 4 spell levels left.
You knew the following spells:

 Your Spells              Type           Power      Damage    Failure   Level
a - Mephitic Cloud        Conj/Pois/Air  0%         N/A       100%        3

Your spell library contained the following spells:

 Spells                   Type           Power      Damage    Failure   Level
 Ensorcelled Hibernation  Hex/Ice        0%         N/A       100%        2
 Static Discharge         Conj/Air       0%         N/A       100%        2
 Ignite Poison            Fire/Tmut/Pois 0%         N/A       100%        3
 Spider Form              Tmut/Pois      0%         N/A       100%        3
 Stone Arrow              Conj/Erth      0%         3d7       100%        3
 Anguish                  Hex/Necr       0%         N/A       100%        4
 Animate Armour           Summ/Erth      0%         N/A       100%        4
 Freezing Cloud           Conj/Ice/Air   0%         6-21      100%        5
 Lightning Bolt           Conj/Air       0%         1d11      100%        5
 Lehudib's Crystal Spear  Conj/Erth      0%         10d2      100%        8
 Maxwell's Capacitive Co  Air            0%         ∞         100%        8


Dungeon Overview and Level Annotations

Branches:
Dungeon (6/15)
 Temple: D:4-7

Altars:
Makhleb
Xom
Yredelemnul


Innate Abilities, Weirdness & Mutations

You are immune to sickness and miasma.
Your stone body is resilient. (AC +5)
You are immune to poison.
You resist negative energy. (rN+)
You are resistant to electric shocks. (rElec)
You are resistant to unholy torment.
You are immune to petrification.
You are partially covered in iridescent scales. (AC +2)
You have an increased reservoir of magic. (+10% MP)
You are occasionally teleported next to monsters.


Message History

The hound bites you but does no damage. The acid dragon spits acid at you.
The splash of acid misses you. The hound bites you but does no damage.
You closely miss the hound.
The hound is severely wounded.
The hound bites you but does no damage. The acid dragon barely misses you.
You block the acid dragon's attack.
You closely miss the hound.
The hound is severely wounded.
The hound bites you. You block the hound's attack.
The acid dragon completely misses you. The acid dragon claws you.
You hit the hound.
The hound is almost dead.
The hound closely misses you. The acid dragon bites you!
* * * LOW HITPOINT WARNING * * *
The acid dragon barely misses you. The hound completely misses you.
You closely miss the hound.
The hound is almost dead.
The hound bites you but does no damage. The acid dragon bites you.
* * * LOW HITPOINT WARNING * * *
The acid dragon claws you but does no damage.
The hound bites you but does no damage. The acid dragon bites you.
* * * LOW HITPOINT WARNING * * *
The acid dragon claws you but does no damage.
You hit the hound.
You kill the hound!
The acid dragon barely misses you.
The acid dragon claws you but does no damage.
You have reached level 8!
You feel stronger.
You hit the acid dragon.
The acid dragon is lightly wounded.
The acid dragon spits acid at you. The splash of acid hits you. You resist.
* * * LOW HITPOINT WARNING * * *
You hit the acid dragon.
The acid dragon is moderately wounded.
The acid dragon spits acid at you. The splash of acid hits you! You resist.
You die...

.###### .......
... ...... ...
#.... .... #...
..... #.. ##.....
#..###.......
#...........
#...@.....#
#.....D......#
#...#..........
................
.................
.......##........
#.....# ###...#..
...# #.###.


You could see an acid dragon (catching breath).

Vanquished Creatures
  A black bear (D:4)
  An ogre (D:5)
  A bullfrog (D:4)
  A howler monkey (D:5)
  A crimson imp (D:3)
  2 hounds
  An orc priest (D:4)
  4 jellies
  2 iguanas (D:4)
  2 orc wizards (D:4)
  3 gnolls
  9 adders
  An ufetubus (D:3)
  7 worms
  4 dart slugs
  5 orcs
  5 bats
  9 endoplasms
  5 giant cockroaches
  8 goblins
  9 hobgoblins
  3 jackals (D:1)
  5 kobolds
  4 quokkas
  9 ball pythons
  2 frilled lizards
  11 rats
115 creatures vanquished.

Notes
Turn   | Place    | Note
-------+----------+-------------------------------------------
     0 | D:1      | jifgo the Gargoyle Fighter began the quest for the Orb.
     0 | D:1      | Reached XP level 1. HP: 14/14 MP: 1/1
   360 | D:1      | Reached XP level 2. HP: 17/19 MP: 2/2
   598 | D:1      | Found a faded altar of an unknown god.
   648 | D:1      | Reached XP level 3. HP: 23/23 MP: 3/3
  1767 | D:2      | Reached XP level 4. HP: 29/29 MP: 4/4
  1905 | D:2      | Learned a level 3 spell: Mephitic Cloud
  2147 | D:2      | Identified the +7 trident "Cyefeph" {vorpal, rElec rCorr
                  | Int-2 Dex+5}
  2563 | D:2      | Reached XP level 5. HP: 26/33 MP: 5/5
  3257 | D:3      | Found a burning altar of Makhleb.
  3257 | D:3      | Found a shimmering altar of Xom.
  3261 | D:3      | Reached skill level 1 in Polearms
  3649 | D:4      | Reached XP level 6. HP: 39/39 MP: 6/6
  3908 | D:4      | Reached XP level 7. HP: 43/44 MP: 7/7
  3932 | D:4      | Gained mutation: You are occasionally teleported next to
                  | monsters. [potion of mutation]
  3932 | D:4      | Gained mutation: You have an increased reservoir of magic.
                  | (+10% MP) [potion of mutation]
  3932 | D:4      | Gained mutation: You are partially covered in iridescent
                  | scales. (AC +2) [potion of mutation]
  3964 | D:4      | Reached skill level 5 in Fighting
  3964 | D:4      | Reached skill level 5 in Armour
  3964 | D:4      | Reached skill level 5 in Shields
  4482 | D:5      | Entered Level 5 of the Dungeon
  4566 | D:5      | Found a basalt altar of Yredelemnul.
  4903 | D:5      | Upgraded the game from 0.29-a0-551-gffc1d7fb78 to
                  | 0.29-a0-553-g81b289dbe5
  5684 | D:6      | Reached XP level 8. HP: 12/50 MP: 8/8
  5685 | D:6      | Killed from afar by an acid dragon

Illustrated notes

Levels and vault maps discovered:
D:1:      dpeg_arrival_brainrot, layout_basic,
          hellmonk_ecumenical_altar_crossroads, serial_glass, glass_columns_a,
          glass_columns_b
D:2:      layout_basic
D:3:      layout_loops_cross, grunt_temple_overflow_champion_of_chaos,
          serial_glass, glass_columns_a, glass_columns_a, kennysheep_minor_cross
D:4:      layout_loops_cross
D:5:      kennysheep_spiral_hall, layout_layer_cave, yredelemnul_altar_generic
D:6:      layout_layer_cave, chequers_temple_overflow_statue_of_worship,
          minmay_temple_entry_gardened_gates, serial_rivers,
          chequers_serial_rivers_micro_b, chequers_serial_rivers_room_b,
          chequers_serial_rivers_micro_c, chequers_serial_rivers_large_b,
          item_on_display_a, uniq_maggie, uniq_blork_the_orc, uniq_grinder

Skill      XL: |  1  2  3  4  5  6  7 |
---------------+----------------------+-----
Armour         | 4 5 |  5.5
Fighting       | 4 5 |  5.4
Shields        | 4 5 |  5.4
Maces & Flails | 3 4 |  4.4
Polearms       | 1 2 |  2.8

Action                   |  1- 3 |  4- 6 |  7- 9 || total
-------------------------+-------+-------+-------++-------
Melee: Flail             |    91 |    30 |       ||   121
       Trident           |       |    92 |    83 ||   175
Throw: Dart              |       |     2 |     2 ||     4
  Use: Potion            |       |       |     4 ||     4
 Stab: Invisible         |       |     1 |       ||     1
Armor: Scale mail        |    22 |       |       ||    22
       Chain mail        |    22 |    52 |    79 ||   153
Dodge: Dodged            |    37 |    27 |    36 ||   100
Block: Buckler           |    13 |    16 |    21 ||    50

Table legend: (Time is in decaauts)
 A = Elapsed time spent in this place.
 B = Non-inter-level travel time spent in this place.
 C = Inter-level travel time spent in this place.
 D = Time resting spent in this place.
 E = Time spent auto-exploring this place.
 F = Levels seen in this place.
 G = Mean time per level.
                   A        B        C        D        E       F      G
               +--------+--------+--------+--------+--------+-----+--------+
         Total |   5766 |   5581 |    185 |    366 |   4202 |   6 |  961.0 |
       Dungeon |   5766 |   5581 |    185 |    366 |   4202 |   6 |  961.0 |
               +--------+--------+--------+--------+--------+-----+--------+

Top non-repeatable levels by time:
     D:1: 1678 daAuts
     D:5: 1192 daAuts
     D:2: 1174 daAuts
     D:4: 870 daAuts
     D:3: 831 daAuts
     D:6: 19 daAuts
